 Dungeon Crawl Stone Soup version 0.30.0-11-gf55b779eaf (webtiles) character file.

Game seed: 18185151255568110320

308 qdestroyer the Chopper (level 6, -11/56 HPs)
             Began as a Minotaur Berserker on May 17, 2023.
             Was a Believer of Trog.
             Mangled by an ogre
             ... wielding a +0 giant spiked club
              (21 damage)
             ... on level 4 of the Dungeon.
             The game lasted 00:02:51 (2018 turns).

qdestroyer the Chopper (Minotaur Berserker)         Turns: 2018, Time: 00:02:52

Health: -11/56     AC: 12    Str: 24    XL:     6   Next: 17%
Magic:  5/5        EV:  7    Int:  4    God:    Trog [**....]
Gold:   141        SH:  0    Dex:  9    Spells: 5/5 levels left

rFire   . . .        i - +0 war axe
rCold   . . .        (no shield)
rNeg    . . .        b - +0 plate armour
rPois   .            (helmet restricted)
rElec   .            (no cloak)
rCorr   .            (no gloves)
SInv    .            j - +0 pair of boots
Will    .....        (no amulet) Stlth
                     (no ring)
HPRegen 0.29/turn    (no ring)
MPRegen 0.09/turn

%: no passive effects
@: no status effects
A: horns 2, retaliatory headbutt
a: Renounce Religion, Berserk, Trog's Hand


You were on level 4 of the Dungeon.
You worshipped Trog.
Trog was pleased with you.
You visited 1 branch of the dungeon, and saw 4 of its levels.

You collected 141 gold pieces.

Inventory:

Hand Weapons
 a - a +1 mace of draining
 i - a +0 war axe (weapon)
Armour
 b - a +0 plate armour (worn)
 j - a +0 pair of boots (worn)
Wands
 l - a wand of digging (3)
Scrolls
 c - a scroll of immolation {unknown}
 g - 2 scrolls of identify {unknown}
 h - 2 scrolls of teleportation {unknown}
 k - a scroll of fog {unknown}
 m - a scroll of blinking {unknown}
Potions
 d - 2 potions of invisibility {unknown}
 e - a potion of might {unknown}
 f - a potion of heal wounds {unknown}
 n - a potion of curing {unknown}


   Skills:
 + Level 5.5 Fighting
 + Level 6.7 Axes
 + Level 3.6 Armour
 - Level 2.1 Dodging


You had 5 spell levels left.
You didn't know any spells.
Your spell library was empty.

Dungeon Overview and Level Annotations

Branches:
Dungeon (3/15)

Altars:
Gozag


Innate Abilities, Weirdness & Mutations

You have a pair of horns on your head.
You reflexively headbutt those who attack you in melee.


Message History

You barely miss the hound.
The hound is lightly wounded.
The hound bites you but does no damage. The hound bites you.
You barely miss the hound.
The hound is lightly wounded.
The hound bites you. The hound bites you but does no damage.
You barely miss the hound.
The hound is lightly wounded.
The hound bites you but does no damage. The hound bites you.
You slash the hound!
The hound is severely wounded.
The hound closely misses you.
You hit the hound.
The hound is almost dead.
The hound bites you. The hound bites you but does no damage.
You slash the hound!
You kill the hound!
Trog accepts your kill.
No target in view!
Found a robe.
You see here a +0 robe.
An ogre comes into view. It is wielding a +0 giant spiked club.
The ogre shouts!
A giant cockroach comes into view.
There are monsters nearby!
You enter the shallow water.
Moving in this stuff is going to be slow.
An endoplasm comes into view.
The endoplasm quivers.
The ogre hits you with a +0 giant spiked club!!
Your unstable footing causes you to fumble your attack.
The ogre hits you with a +0 giant spiked club!!
* * * LOW HITPOINT WARNING * * *
The giant cockroach barely misses you. You furiously retaliate!
You headbutt the giant cockroach.
You kill the giant cockroach!
Trog accepts your kill. The ogre attacks as you move away!
The ogre barely misses you.
The ogre hits you with a +0 giant spiked club!!
You die...

♣♣♣ ♣.♣.♣. §§§... .. .
..♣♣♣........§P§.. .. ..
♣.P♣...P....♣§§§P~♣~ .~.
♣♣.♣.......♣♣.~♣P§♣~ ~~.~
.P♣PP......~P§~♣~~~♣~~♣~~
.........P.♣~~~J~~~$.~.~~
...........~.~♣~♣~~♣~~~
..........P....♣O♣P~♣
....♣........P..@!♣P♣
.♣..♣............♣.♣~.
..♣♣♣....♣.........♣♣..
.♣..♣♣♣♣...♣...♣...♣ .♣..
♣..♣..♣♣♣♣♣.♣♣.......♣P ♣
♣♣# ♣... ♣♣♣♣....♣♣♣♣ ♣
#. ♣...♣♣ ##.♣♣ ..


You could see an ogre and an endoplasm.

Vanquished Creatures
  Sigmund (D:3)
  2 hounds (D:4)
  Jessica (D:2)
  An adder (D:3)
  A worm (D:3)
  A dart slug (D:3)
  An orc (D:3)
  5 bats
  5 endoplasms
  4 giant cockroaches
  7 goblins
  2 hobgoblins
  5 quokkas
  8 ball pythons
  2 frilled lizards
  5 kobolds
  5 rats (D:1)
56 creatures vanquished.

Notes
Turn   | Place    | Note
-------+----------+-------------------------------------------
     0 | D:1      | qdestroyer the Minotaur Berserker began the quest for the
                  | Orb.
     0 | D:1      | Reached XP level 1. HP: 19/19 MP: 0/0
    97 | D:1      | Reached skill level 4 in Axes
    97 | D:1      | Reached XP level 2. HP: 19/27 MP: 1/1
   535 | D:1      | Reached XP level 3. HP: 33/33 MP: 2/2
   638 | D:2      | Found a faded altar of an unknown god.
   785 | D:2      | Reached ** piety under Trog
   906 | D:2      | Noticed Jessica
   908 | D:2      | Killed Jessica
  1278 | D:3      | Reached XP level 4. HP: 41/41 MP: 3/3
  1294 | D:3      | Reached skill level 5 in Axes
  1397 | D:3      | Noticed Sigmund
  1408 | D:3      | Killed Sigmund
  1409 | D:3      | Reached skill level 5 in Fighting
  1409 | D:3      | Reached skill level 6 in Axes
  1409 | D:3      | Reached XP level 5. HP: 33/48 MP: 4/4
  1464 | D:3      | Found an opulent altar of Gozag.
  1844 | D:3      | You fall into a shaft and drop 1 floor!
  1857 | D:4      | Reached XP level 6. HP: 54/56 MP: 5/5
  2018 | D:4      | Mangled by an ogre

Illustrated notes

Levels and vault maps discovered:
D:1:      denvon_arrival_planthouse, layout_basic
D:2:      layout_loops_ring, ebering_ecumenical_altar_ruins, st_stairs_7,
          uniq_jessica
D:3:      layout_basic, nicolae_overflow_crystal_walls, serial_bayou_lagoon_a,
          uniq_sigmund
D:4:      wad_woods_pond, layout_basic, yredelemnul_forgotten_temple_becter,
          mainiacjoe_overflow_catwalk_spiral, minmay_statues_item,
          nicolae_figureground_pulse

Skill      XL: |  1  2  3  4 |
---------------+-------------+-----
Axes           | 4 6 |  6.7
Fighting       | 4 5 |  5.5
Armour         | 3 |  3.6
Dodging        | |  2.1

Action                     |  1- 3 |  4- 6 || total
---------------------------+-------+-------++-------
  Melee: Hand axe          |    60 |       ||    60
         Headbutt          |     8 |     2 ||    10
         Punch             |     1 |       ||     1
         War axe           |     9 |    44 ||    53
 Invoke: Berserk           |       |     1 ||     1
   Stab: Sleeping          |     1 |       ||     1
 Armour: Animal skin       |     8 |       ||     8
         Plate armour      |    19 |    27 ||    46
  Dodge: Dodged            |    39 |    16 ||    55
